 Dungeon Crawl Stone Soup version 0.26-a0-651-gb41185065b (webtiles) character file.

Game seed: 896401820417753853

51 Flugslaktarn the Covered (level 3, -2/34 HPs)
             Began as a Deep Dwarf Fighter on Oct 8, 2020.
             Succumbed to a gnoll's poison
             ... on level 3 of the Dungeon.
             The game lasted 00:00:26 (468 turns).

Flugslaktarn the Covered (Deep Dwarf Fighter)        Turns: 468, Time: 00:00:27

Health: -2/34      AC:  6    Str: 19    XL:     3   Next: 57%
Magic:  1/1        EV:  7    Int:  8    God:
Gold:   81         SH:  9    Dex: 13    Spells: 2/2 levels left

rFire    . . .     SeeInvis .   a - +0 war axe
rCold    . . .     Faith    .   c - +0 kite shield
rNeg     . . .     Spirit   .   b - +0 scale mail
rPois    .         Reflect  .   (no helmet)
rElec    .         Harm     .   (no cloak)
rCorr    .         Rampage  .   (no gloves)
MR       .....                  (no boots)
Stlth    ..........             (no amulet)
HPRegen  0.00/turn              (no ring)
MPRegen  0.07/turn              (no ring)

@: lethally poisoned (-2 -> -9), stab, non-regenerating
A: damage resistance, heal wounds, sense surroundings 1, no regeneration
a: Heal Wounds


You were on level 3 of the Dungeon.
You visited 1 branch of the dungeon, and saw 3 of its levels.

You collected 81 gold pieces.

Inventory:

Hand Weapons
 a - a +0 war axe (weapon)
Armour
 b - a +0 scale mail (worn)
 c - a +0 kite shield (worn)
Scrolls
 e - a scroll of teleportation {unknown}
 g - 2 scrolls of immolation {unknown}
 h - a scroll of remove curse {unknown}
 i - a scroll of fog {unknown}
 l - a scroll of enchant armour {unknown}
Potions
 d - a potion of might
 j - a potion of cancellation {unknown}
 k - a potion of lignification {unknown}


   Skills:
 * Level 3.2 Fighting
 * Level 3.1 Axes
 + Level 3.6 Armour
 + Level 3.6 Shields


You had 2 spell levels left.
You didn't know any spells.
Your spell library was empty.

Dungeon Overview and Level Annotations

Branches:
Dungeon (3/15)

Altars:
Nemelex Xobeh
Wu Jian
Xom
Zin

Annotations:
D:3 Jessica


Innate Abilities, Weirdness & Mutations

You are resistant to damage.
You can heal yourself by infusing magical energy.
You passively map a small area around you.
You do not regenerate.


Message History

The gnoll hits you from afar with a +3 spear of venom.
You hit Jessica.
Jessica is heavily wounded.
* * * LOW HITPOINT WARNING * * *
You feel very sick.
Jessica casts a spell.
Jessica blinks!
The gnoll hits you from afar with a +0 spear.
* * * LOW HITPOINT WARNING * * *
The gnoll barely misses you. You block the gnoll's attack.
You are too injured to fight recklessly!
* * * LOW HITPOINT WARNING * * *
You feel sick.
You fail to use your ability.
* * * LOW HITPOINT WARNING * * *
You feel sick.
The gnoll hits you from afar with a +0 spear.
It was a potion of stabbing.
You feel ready to backstab.
You die...

####### #.....#
####.....########## * ,
........gg@@.....?.
#########.[.†.g########.
* ..(.........).w# #..
.. .w##...........# #.#
#.. , ,,
)†##...........####.#
#.# *,
..##.....##..#.#..#.#
#.#,
..##.....###.#.#..#.#
#.# * , ..##.....#
#...#..#.# #.# ,
..##.....#
##.....#.###.# # *


You could see 3 gnolls and Jessica.

Vanquished Creatures
  A gnoll (D:3)
  An adder (D:2)
  A dart slug (D:1)
  A leopard gecko (D:1)
  4 goblins
  4 hobgoblins
  2 jackals (D:3)
  2 quokkas
  6 bats
  2 frilled lizards
  2 kobolds (D:3)
  A rat (D:1)
27 creatures vanquished.

Notes
Turn   | Place    | Note
-------+----------+-------------------------------------------
     0 | D:1      | Flugslaktarn the Deep Dwarf Fighter began the quest for the
                  | Orb.
     0 | D:1      | Reached XP level 1. HP: 20/20 MP: 1/1
   122 | D:1      | Found a hazy altar of Hepliaklqana.
   124 | D:1      | Found a sparkling altar of Nemelex Xobeh.
   124 | D:1      | Found a hide-covered altar of Uskayaw.
   126 | D:1      | Found a shimmering altar of Xom.
   126 | D:1      | Found an ornate altar of the Wu Jian Council.
   126 | D:1      | Found a glowing silver altar of Zin.
   214 | D:1      | Reached XP level 2. HP: 14/27 MP: 2/2
   354 | D:2      | Reached XP level 3. HP: 32/34 MP: 3/3
   429 | D:3      | Noticed Jessica
   467 | D:3      | HP: 1/34 [poisoned by a gnoll]
   468 | D:3      | Succumbed to a gnoll's poison

Illustrated notes

Levels and vault maps discovered:
D:1:      mushboom_english_gardens, layout_loops_corners, doesnt_xom_only_xom
D:2:      layout_loops_cross, minmay_nonomino_d4
D:3:      layout_basic, uniq_jessica, uniq_ijyb

Skill      XL: |  1  2  3 |
---------------+----------+-----
Fighting       | 3 |  3.2
Axes           | 3 |  3.1
Armour         | |  3.6
Shields        | |  3.6

Action                   || total
-------------------------++-------
Melee: War axe           ||    82
 Abil: Heal Wounds       ||     4
  Use: Potion            ||     1
Armor: Scale mail        ||    48
Dodge: Dodged            ||    47
Block: Kite shield       ||    63

Table legend: (Time is in decaauts)
 A = Elapsed time spent in this place.
 B = Non-inter-level travel time spent in this place.
 C = Inter-level travel time spent in this place.
 D = Time resting spent in this place.
 E = Time spent auto-exploring this place.
 F = Levels seen in this place.
 G = Mean time per level.
                   A        B        C        D        E       F      G
               +--------+--------+--------+--------+--------+-----+--------+
         Total |    505 |    490 |     15 |      0 |    266 |   3 |  168.3 |
       Dungeon |    505 |    490 |     15 |      0 |    266 |   3 |  168.3 |
               +--------+--------+--------+--------+--------+-----+--------+

Top non-repeatable levels by time:
     D:1: 276 daAuts
     D:2: 118 daAuts
     D:3: 110 daAuts
